 Dungeon Crawl Stone Soup version 0.20.1-1-g8b1a95d (webtiles) character file.

342 kaze the Shield-Bearer (level 6, 0/39 HPs)
             Began as a Gargoyle Fighter on Oct 3, 2017.
             Slain by an ogre
             ... wielding a +0 giant spiked club
              (14 damage)
             ... on level 4 of the Dungeon.
             The game lasted 00:09:32 (2858 turns).

kaze the Shield-Bearer (Gargoyle Fighter)           Turns: 2858, Time: 00:09:32

Health: 0/39       AC: 20    Str: 22    XL:     6   Next: 57%
Magic:  0/6        EV:  4    Int:  8    God:
Gold:   101        SH:  9    Dex:  9    Spells: 5/5 levels left

rFire    . . .     SeeInvis .   d - +3 flail (holy)
rCold    . . .     Gourm    .   c - +0 shield
rNeg     + . .     Faith    .   e - +0 plate armour
rPois    ∞         Spirit   +   k - +0 helmet
rElec    +         Reflect  .   (no cloak)
rCorr    .         Harm     .   w - +1 pair of gloves
MR       .....                  l - +0 pair of boots
Stlth    ..........             x - amulet of guardian spirit
Regen    0.2/turn               (no ring)
MPRegen  0.1/turn               (no ring)

@: no status effects
A: negative energy resistance 1, electricity resistance, unbreathing,
petrification resistance, rot immunity, AC +4
a: no special abilities


You were on level 4 of the Dungeon.
You were not hungry.

You visited 1 branch of the dungeon, and saw 4 of its levels.

You collected 101 gold pieces.

Inventory:

Hand Weapons
 a - a +0 war axe
 d - a +3 flail of holy wrath (weapon)
Missiles
 b - 4 tomahawks (quivered)
Armour
 c - a +0 shield (worn)
 e - a +0 plate armour (worn)
 k - a +0 helmet (worn)
 l - a +0 pair of boots (worn)
 w - a +1 pair of gloves (worn)
Jewellery
 x - an amulet of guardian spirit (around neck)
Wands
 j - a wand of confusion (12/48)
Scrolls
 o - a scroll of teleportation
 q - 3 scrolls of identify
Potions
 g - 2 potions of lignification
 i - a potion of haste {unknown}
 m - a potion of cancellation {unknown}
 n - a potion of degeneration {unknown}
 p - 3 potions of heal wounds {unknown}
 s - a potion of ambrosia {unknown}
 t - 2 potions of curing {unknown}
Comestibles
 f - 8 bread rations
 h - 3 meat rations


   Skills:
 + Level 4.4 Fighting
 + Level 3.5(3.7) Axes
 + Level 1.6(3.0) Maces & Flails
 + Level 4.2 Armour
 + Level 1.1 Dodging
 + Level 4.6 Shields


You had 5 spell levels left.
You didn't know any spells.

Dungeon Overview and Level Annotations

Branches:
Dungeon (4/15)
 Temple: D:4-7

Altars:
Fedhas
Ru


Innate Abilities, Weirdness & Mutations

You are resistant to torment.
Your stone body is resilient. (AC +4)
You are immune to poison.
You resist negative energy. (rN+)
You are resistant to electric shocks. (rElec)
You can survive without breathing.
You are immune to petrification.
You are immune to rotting.


Message History

You are too injured to fight recklessly!
You are too injured to fight recklessly!
You are too injured to fight recklessly!
You are too injured to fight recklessly!
You are too injured to fight recklessly!
You are too injured to fight recklessly!
You are too injured to fight recklessly!
You are too injured to fight recklessly!
You are too injured to fight recklessly!
You are too injured to fight recklessly!
You are too injured to fight recklessly!
You are too injured to fight recklessly!
You are too injured to fight recklessly!
You closely miss the ogre.
The ogre is moderately wounded.
The ogre hits you with a giant spiked club.
You hit the ogre.
The ogre is heavily wounded.
The ogre hits you with a giant spiked club!
You die...

### .. #.. #.# #.#
## #.# # . #.# #.
.# #.#
####.#####h#)###
#.#
!.....O@........
###.#
######.#.#...##
#...##########.##
...
###.#....>.......#
.
......############
###.### #.# #.#
#.#


You could see an ogre and a howler monkey.

Vanquished Creatures
  The ghost of Patate the Chopper, an amateur HOCK of Xom (D:3)
  An iguana (D:4)
  Ijyb (D:4)
  5 adders
  7 gnolls
  A worm (D:3)
  4 leopard geckos
  5 orcs
  A giant cockroach (D:1)
  4 goblins
  10 hobgoblins
  5 jackals
  4 quokkas
  A ball python (D:2)
  9 bats
  3 frilled lizards
  16 kobolds
  6 rats
  A bush (D:1)
  3 plants (D:1)
88 creatures vanquished.

Vanquished Creatures (others)
  A plant (D:1)
1 creature vanquished.

Grand Total: 89 creatures vanquished

Notes
Turn   | Place    | Note
-------+----------+-------------------------------------------
     0 | D:1      | kaze the Gargoyle Fighter began the quest for the Orb.
     0 | D:1      | Reached XP level 1. HP: 14/14 MP: 1/1
    80 | D:1      | Reached XP level 2. HP: 15/19 MP: 2/2
   451 | D:1      | Reached XP level 3. HP: 23/24 MP: 3/3
  1048 | D:2      | Found a faded altar of an unknown god.
  1110 | D:2      | Found a sacrificial altar of Ru.
  1358 | D:2      | Reached XP level 4. HP: 29/29 MP: 4/4
  1919 | D:3      | Noticed Patate's ghost (amateur HOCK)
  1959 | D:3      | Reached XP level 5. HP: 26/33 MP: 5/5
  2093 | D:3      | Killed Patate's ghost
  2093 | D:3      | Reached skill level 1 in Dodging
  2327 | D:3      | Reached XP level 6. HP: 38/38 MP: 6/6
  2611 | D:4      | Reached skill level 1 in Maces & Flails
  2635 | D:4      | Found a blossoming altar of Fedhas.
  2641 | D:4      | Noticed Ijyb
  2656 | D:4      | Killed Ijyb
  2858 | D:4      | Slain by an ogre

Skill      XL: |  1  2  3  4  5  6 |
---------------+-------------------+-----
Axes           | 2 3 |  3.5
Fighting       | 4 |  4.4
Shields        | 4 |  4.6
Armour         | 4 |  4.2
Dodging        | 1 |  1.1
Maces & Flails | 1 |  1.6

Action                   |  1- 3 |  4- 6 || total
-------------------------+-------+-------++-------
Melee: War axe           |   165 |    55 ||   220
       Flail             |       |    87 ||    87
  Use: Potion            |       |     1 ||     1
       Scroll            |       |    10 ||    10
  Eat: Chunk             |     2 |     5 ||     7
Armor: Scale mail        |    67 |    46 ||   113
       Plate armour      |       |    43 ||    43
Dodge: Dodged            |    50 |    33 ||    83
Block: Shield            |    83 |    86 ||   169
